 Dungeon Crawl Stone Soup version 0.29-a0-330-g52719c12eb (webtiles) character file.

Game seed: 10177691793992377257

556 kae the Firebug (level 6, 0/48 HPs)
             Began as a Demigod Fire Elementalist on May 29, 2022.
             Slain by an orc priest
             ... wielding a +0 trident
              (3 damage)
             ... on level 4 of the Dungeon.
             The game lasted 00:02:30 (4924 turns).

kae the Firebug (Demigod Fire Elementalist)         Turns: 4924, Time: 00:02:31

Health: 0/48       AC:  2    Str:  9    XL:     6   Next: 81%
Magic:  5/13       EV: 11    Int: 25    God:
Gold:   219        SH:  4    Dex: 14    Spells: 5/11 levels left

rFire   . . .      SeeInvis .   d - +0 short sword
rCold   . . .      Faith    .   k - +0 buckler
rNeg    . . .      Spirit   .   a - +0 robe
rPois   .          Reflect  .   (no helmet)
rElec   .          Harm     .   o - scarf {repulsion}
rCorr   .          Rampage  .   (no gloves)
Will    .....                   (no boots)
Stlth   ++........              (no amulet)
HPRegen 0.16/turn               (no ring)
MPRegen 0.13/turn               (no ring)

@: repel missiles
A: high MP 1, forlorn, divine attributes
a: no special abilities


You were on level 4 of the Dungeon.
You visited 1 branch of the dungeon, and saw 4 of its levels.

You collected 219 gold pieces.

Inventory:

Hand Weapons
 d - a +0 short sword (weapon)
Armour
 a - a +0 robe (worn)
 k - a +0 buckler (worn)
 o - a scarf of repulsion (worn)
Wands
 h - a wand of acid (11)
 l - a wand of flame (21)
Potions
 b - a potion of magic
 e - 4 potions of lignification
 f - 4 potions of curing
 g - 2 potions of heal wounds
 i - 2 potions of attraction
 j - a potion of haste {unknown}
 m - a potion of ambrosia {unknown}


   Skills:
 + Level 1.8 Fighting
 - Level 1.7 Dodging
 - Level 1.7 Stealth
 + Level 1.8 Shields
 + Level 3.0 Spellcasting
 * Level 3.8 Conjurations
 * Level 4.7 Fire Magic


You had 5 spell levels left.
You knew the following spells:

 Your Spells              Type           Power      Damage    Failure   Level
a - Foxfire               Conj/Fire      100%       2x1d9     2%          1
b - Scorch                Fire           54%        2d8       2%          2
c - Conjure Flame         Conj/Fire      25%        6-21      7%          3

Your spell library contained the following spells:

 Spells                   Type           Power      Damage    Failure   Level
 Inner Flame              Hex/Fire       15%        N/A       16%         3
 Flame Wave               Conj/Fire      25%        2d7       22%         4


Dungeon Overview and Level Annotations

Branches:
Dungeon (4/15)
 Temple: D:4-7


Innate Abilities, Weirdness & Mutations

You have an increased reservoir of magic. (+10% MP)
You shall have no god before yourself.
Your divine heritage dramatically boosts your attributes as you level up.


Message History

You struggle to resist.
The foxfire hits the orc priest.
The orc priest is moderately wounded.
The foxfire hits the orc priest but does no damage.
The orc priest is moderately wounded.
You block the orc priest's attack.
Casting: Foxfire (safe; 2% risk of failure)
Confirm with . or Enter, or press ? or * to list all spells.
You conjure some foxfire!
The orc priest barely misses you.
The foxfire hits the orc priest but does no damage.
The orc priest is moderately wounded.
The foxfire hits the orc priest but does no damage.
The orc priest is moderately wounded.
The orc priest hits you from afar with a +0 trident!
Casting: Foxfire (safe; 2% risk of failure)
Confirm with . or Enter, or press ? or * to list all spells.
You conjure some foxfire!
The orc priest hits you from afar with a +0 trident!
The foxfire hits the orc priest but does no damage.
The orc priest is moderately wounded.
The foxfire hits the orc priest but does no damage.
The orc priest is moderately wounded.
The orc priest calls down the wrath of Beogh upon you.
Beogh smites you!
Casting: Foxfire (safe; 2% risk of failure)
Confirm with . or Enter, or press ? or * to list all spells.
You conjure some foxfire!
The orc priest hits you from afar with a +0 trident!
* * * LOW HITPOINT WARNING * * *
The foxfire hits the orc priest.
The orc priest is moderately wounded.
The foxfire hits the orc priest.
The orc priest is heavily wounded.
The orc priest hits you from afar with a +0 trident.
* * * LOW HITPOINT WARNING * * *
Casting: Foxfire (safe; 2% risk of failure)
Confirm with . or Enter, or press ? or * to list all spells.
You conjure some foxfire!
The orc priest hits you from afar with a +0 trident.
You die...

##..########.##.######.##.##
#.
#.<..............>....##.#
#.
#.#########..............#
###. #)# #.#######.#.####
#... #.# #.# ###
#.#.#######.## #.# ... ..#
#.#.##........ #.# ##.#
#.###.#.#...###.## #.#
#.###v...>...........# #.#
#..)v@......#...###..# #.#
#.#o#§####.###.## #..# ..
#.# #.# #.# #..# #.. #.# #.#
#.# ...# #. #.####.# #.#
#### # #.#......###.###♣♣♣♣
# #.#..###............
#.##.#..# #..##.###♣♣♣♣
........###.#.#..#


You could see an orc priest (ally target).

Vanquished Creatures
  Grinder (D:3)
  A phantom (D:3)
  A jelly (D:3)
  An orc priest (D:4)
  Natasha (thrice) (D:3)
  3 gnolls (D:4)
  2 adders (D:2)
  A worm (D:3)
  4 dart slugs (D:3)
  9 orcs
  5 endoplasms
  7 hobgoblins
  6 jackals
  A quokka (D:2)
  8 ball pythons
  9 bats
  6 frilled lizards
  10 goblins
  2 kobolds
  6 rats
86 creatures vanquished.

Vanquished Creatures (others)
  256 foxfires
256 creatures vanquished.

Grand Total: 342 creatures vanquished

Notes
Turn   | Place    | Note
-------+----------+-------------------------------------------
     0 | D:1      | kae the Demigod Fire Elementalist began the quest for the
                  | Orb.
     0 | D:1      | Reached XP level 1. HP: 14/14 MP: 5/5
    41 | D:1      | Reached skill level 1 in Conjurations
   596 | D:1      | Reached XP level 2. HP: 20/20 MP: 5/7
   600 | D:1      | Reached skill level 3 in Fire Magic
   603 | D:1      | Learned a level 2 spell: Scorch
  1595 | D:2      | Reached XP level 3. HP: 19/26 MP: 3/8
  2035 | D:2      | Learned a level 3 spell: Conjure Flame
  2743 | D:3      | Reached XP level 4. HP: 24/33 MP: 4/10
  2867 | D:3      | Noticed Natasha
  2873 | D:3      | Killed Natasha
  3144 | D:3      | Noticed Natasha
  3161 | D:3      | Killed Natasha
  3307 | D:3      | Noticed Natasha
  3312 | D:3      | Killed Natasha
  3313 | D:3      | Reached skill level 1 in Shields
  3313 | D:3      | Reached XP level 5. HP: 29/39 MP: 7/11
  3536 | D:3      | Noticed Grinder
  3572 | D:3      | Killed Grinder
  3573 | D:3      | Reached skill level 1 in Fighting
  3573 | D:3      | Reached skill level 4 in Fire Magic
  3573 | D:3      | Reached XP level 6. HP: 35/47 MP: 5/13
  4924 | D:4      | Slain by an orc priest

Illustrated notes

Levels and vault maps discovered:
D:1:      dpeg_arrival_simpleton_a, layout_basic
D:2:      layout_basic, chequers_ecumenical_altar_lobes, serial_rivers,
          chequers_serial_rivers_large_a, chequers_serial_rivers_micro_a,
          chequers_serial_rivers_room_a, chequers_serial_rivers_micro_e
D:3:      kennysheep_six_static_rooms, layout_loops_ring,
          brannock_xom_greatest_gift, minmay_starry_boxes, uniq_natasha,
          uniq_grinder
D:4:      layout_loops_ring, dreamdust_princess_corridor, uniq_eustachio,
          uniq_pikel, uniq_ijyb

Skill      XL: |  1  2  3  4  5  6 |
---------------+-------------------+-----
Conjurations   | 1 2 3 |  3.8
Fire Magic     | 3 4 |  4.7
Spellcasting   | 2 3 |  3.0
Shields        | 1 |  1.8
Fighting       | 1 |  1.8
Dodging        | |  1.7
Stealth        | |  1.7

Action                   |  1- 3 |  4- 6 || total
-------------------------+-------+-------++-------
Melee: Short sword       |     3 |     7 ||    10
 Cast: Foxfire           |    66 |    84 ||   150
       Scorch            |     7 |    15 ||    22
  Use: Scroll            |     5 |     5 ||    10
       Potion            |       |     1 ||     1
Armor: Robe              |     3 |       ||     3
       Skin              |       |     8 ||     8
Dodge: Dodged            |    14 |    23 ||    37
Block: Buckler           |       |     8 ||     8

Table legend: (Time is in decaauts)
 A = Elapsed time spent in this place.
 B = Non-inter-level travel time spent in this place.
 C = Inter-level travel time spent in this place.
 D = Time resting spent in this place.
 E = Time spent auto-exploring this place.
 F = Levels seen in this place.
 G = Mean time per level.
                   A        B        C        D        E       F      G
               +--------+--------+--------+--------+--------+-----+--------+
         Total |   4943 |   4874 |     69 |    106 |   4177 |   4 | 1235.8 |
       Dungeon |   4943 |   4874 |     69 |    106 |   4177 |   4 | 1235.8 |
               +--------+--------+--------+--------+--------+-----+--------+

Top non-repeatable levels by time:
     D:3: 1763 daAuts
     D:2: 1629 daAuts
     D:1: 1116 daAuts
     D:4: 433 daAuts
